 Dungeon Crawl Stone Soup version 0.24-a0-246-gb963c9a (webtiles) character file.

Game seed: 3466575843049876639

94 robertstho the Charmwright (level 4, -1/29 HPs)
             Began as a Halfling Skald on Apr 12, 2019.
             Slain by Sigmund
             ... wielding a +0 scythe
              (13 damage)
             ... on level 3 of the Dungeon.
             The game lasted 00:05:47 (2618 turns).

robertstho the Charmwright (Halfling Skald)         Turns: 2618, Time: 00:05:48

Health: -1/29      AC:  6    Str: 13    XL:     4   Next: 94%
Magic:  6/6        EV: 14    Int: 11    God:
Gold:   111        SH:  4    Dex: 13    Spells: 3/6 levels left

rFire    . . .     SeeInvis .   m - +0 hunting sling
rCold    . . .     Gourm    .   g - +0 buckler
rNeg     . . .     Faith    .   l - +3 leather armour
rPois    .         Spirit   .   (no helmet)
rElec    .         Reflect  .   (no cloak)
rCorr    .         Harm     .   (no gloves)
MR       .....                  (no boots)
Stlth    +.........             h - amulet of magic regeneration
HPRegen  0.09/turn              (no ring)
MPRegen  0.35/turn              (no ring)

@: no status effects
A: small, mutation resistance 1
a: no special abilities


You were on level 3 of the Dungeon.
You were not hungry.

You visited 1 branch of the dungeon, and saw 4 of its levels.

You collected 111 gold pieces.

Inventory:

Hand Weapons
 a - a +0 falchion
 m - a +0 hunting sling (weapon)
Missiles
 e - 30 stones (quivered)
Armour
 g - a +0 buckler (worn)
 l - a +3 leather armour (worn)
Jewellery
 h - an amulet of magic regeneration (around neck)
Scrolls
 c - 3 scrolls of magic mapping {unknown}
 k - a scroll of blinking
 o - a scroll of remove curse {unknown}
Potions
 b - a potion of haste {unknown}
 i - a potion of resistance
 j - a potion of lignification
Comestibles
 d - 3 rations


   Skills:
 + Level 2.3 Fighting
 + Level 2.5 Long Blades
 * Level 2.1 Slings
 + Level 2.1 Armour
 + Level 2.6 Dodging
 + Level 1.5 Spellcasting
 + Level 4.0 Charms


You had 3 spell levels left.
You knew the following spells:

 Your Spells              Type           Power        Failure   Level  Hunger
a - Infusion              Chrm           #...         12%         1    ##.....
b - Song of Slaying       Chrm           #.......     19%         2    ###....

Your spell library contained the following spells:

 Spells                   Type           Power        Failure   Level  Hunger
 Shroud of Golubria       Chrm/Tloc      #.........   41%         2    ###....
 Regeneration             Chrm/Necr      #.........   65%         3    ####...
 Spectral Weapon          Hex/Chrm       #.......     65%         3    ####...


Dungeon Overview and Level Annotations

Branches:
Dungeon (4/15)
 Temple: D:4-7

Altars:
Hepliaklqana

Annotations:
D:3 Sigmund


Innate Abilities, Weirdness & Mutations

You are small and have problems with some larger weapons.
You are somewhat resistant to further mutation.


Message History

It was a potion of ambrosia.
You are more confused.
You feel invigorated.
Sigmund laughs darkly.
Sigmund barely misses you.
Sigmund gestures wildly while chanting.
Sigmund flickers and vanishes!
Deactivating autopickup; reactivate with Ctrl-A.
A magic dart appears from out of thin air!
The magic dart hits you. Something barely misses you.
You feel less invigorated. Something hits you!
You hear some strange, mumbled words.
Something tries to affect you, but you resist.
Something hits you.
You feel less confused. Something hits you! Something hits you!
You die...

#..........#
#...(..((..#
#######..(....[..#
$.....(.......%..#
##..###..........#
.......).........#
####.###..{......#
# #.........#
#..@......#
#.(######## #.(#
#..# ...# ....#
######


There were no monsters in sight!

Vanquished Creatures
  2 adders
  2 oozes (D:2)
  3 worms
  A dart slug (D:2)
  A leopard gecko (D:1)
  4 orcs
  5 giant cockroaches
  6 goblins
  9 hobgoblins
  6 kobolds
  A ball python (D:1)
  2 bats
  2 frilled lizards
  5 rats
49 creatures vanquished.

Notes
Turn   | Place    | Note
-------+----------+-------------------------------------------
     0 | D:1      | robertstho the Halfling Skald began the quest for the Orb.
     0 | D:1      | Reached XP level 1. HP: 14/14 MP: 3/3
   141 | D:1      | Reached XP level 2. HP: 19/19 MP: 4/4
   443 | D:1      | Learned a level 2 spell: Song of Slaying
   663 | D:1      | Reached XP level 3. HP: 24/24 MP: 5/5
   699 | D:1      | Reached skill level 4 in Charms
  1166 | D:2      | Found a hazy altar of Hepliaklqana.
  1282 | D:2      | Reached XP level 4. HP: 29/29 MP: 6/6
  1550 | D:3      | Noticed Sigmund
  2112 | D:4      | Reached skill level 1 in Slings
  2618 | D:3      | Slain by Sigmund

Levels and vault maps discovered:
D:1:      minmay_arrival_three_doors, layout_loops_corners
D:2:      layout_basic, lemuel_tele_altar
D:3:      layout_basic, led_sif_pool, lemuel_doored_altar,
          kennysheep_slug_shrine, first_ration, gup_sewer_entry_bowl,
          uniq_sigmund
D:4:      layout_cave_pools, minmay_temple_entry_glass, serial_shops,
          nicolae_shop_window_shopping

Skill      XL: |  1  2  3  4 |
---------------+-------------+-----
Fighting       | 2 |  2.3
Charms         | 4 |  4.0
Armour         | 2 |  2.1
Slings         | 2 |  2.1
Long Blades    | |  2.5
Dodging        | |  2.6
Spellcasting   | |  1.5

Action                   |  1- 3 |  4- 6 || total
-------------------------+-------+-------++-------
Melee: Falchion          |    90 |    19 ||   109
 Fire: Hunting sling     |       |   117 ||   117
 Cast: Infusion          |     1 |       ||     1
  Use: Scroll            |     3 |     1 ||     4
       Potion            |       |     3 ||     3
  Eat: Chunk             |     1 |     2 ||     3
       Ration            |       |     1 ||     1
Armor: Leather armour    |    14 |    18 ||    32
Dodge: Dodged            |    65 |    37 ||   102
Block: Buckler           |     4 |    20 ||    24
       Rpst.: Falchion   |    18 |     1 ||    19

Table legend:
 A = Non-vault XP
 B = Vault XP
 C = Vault XP percentage of total XP
 D = Non-vault monster count
 E = Vault monster count
 F = Vault count percentage of total count
                 A         B        C        D         E       F
            +---------+---------+-------+---------+---------+-------
      Total |     135 |       0 |   0.0 |      49 |       0 |   0.0
            +---------+---------+-------+---------+---------+-------
        D:1 |      39 |       0 |   0.0 |      22 |       0 |   0.0
        D:2 |      48 |       0 |   0.0 |      13 |       0 |   0.0
        D:3 |      25 |       0 |   0.0 |       9 |       0 |   0.0
        D:4 |      23 |       0 |   0.0 |       5 |       0 |   0.0
            +---------+---------+-------+---------+---------+-------
